 Dungeon Crawl Stone Soup version 0.25.1-2-g60ff931df9 (webtiles) character file.

Game seed: 13799589616029497797

221920 Revguard the Executioner (level 18, -6/267 HPs)
             Began as a Deep Dwarf Berserker on Sept 15, 2020.
             Was a High Priest of Trog.
             Shot with an arrow by Vashnia (39 damage)
             ... on level 3 of the Snake Pit on Sept 19, 2020.
             The game lasted 04:25:43 (25741 turns).

Revguard the Executioner (Deep Dwarf Berserker)    Turns: 25741, Time: 04:25:45

Health: -6/267     AC: 24    Str: 28    XL:     18   Next: 89%
Magic:  17/17 (8)  EV: 22    Int:  9    God:    Trog [*****.]
Gold:   3742       SH:  4    Dex: 23    Spells: 17/17 levels left

rFire    . . .     SeeInvis +   y - +4 battleaxe (flame)
rCold    + . .     Gourm    .   (shield currently unavailable)
rNeg     + + .     Faith    .   x - +2 ring mail "Venuank" {+Inv rPois Slay+6}
rPois    +         Spirit   .   G - +2 helmet
rElec    +         Reflect  .   K - +2 cloak
rCorr    .         Harm     .   E - +2 pair of gloves {Dex+3}
MR       +++++                  w - +2 pair of boots
Stlth    ..........             P - amulet of Ytyzuip {RegenMP rElec rC+ SInv}
HPRegen  1.00/turn              v - ring "Cadun" {MP+9 Str+3}
MPRegen  0.40/turn              U - ring "Assint" {Wiz rN+ MR+ Dex+3 SInv}

@: berserking, non-regenerating, studying Armour, very quick
A: damage resistance, heal wounds, hooves 1, large bone plates 1, negative
energy resistance 1, sense surroundings 3, strong 1, no regeneration
a: Heal Wounds, Berserk, Trog's Hand, Brothers in Arms, Renounce Religion, Evoke
Invisibility


You were on level 3 of the Snake Pit.
You worshipped Trog.
Trog was extremely pleased with you.
You were very hungry.

You visited 5 branches of the dungeon, and saw 29 of its levels.
You also visited: Bailey, Wizlab and Desolation.

You collected 6247 gold pieces.
You spent 2505 gold pieces at shops.

Inventory:

Hand Weapons
 s - a +3 vorpal battleaxe
 y - a +4 battleaxe of flaming (weapon)
 B - the +7 mace of Variability {chain chaos}
   (You found it on level 8 of the Dungeon)

   Each time it hits an enemy it has a different, random effect.
 O - a +4 antimagic battleaxe
Armour
 w - a +2 pair of boots (worn)
 x - the +2 ring mail "Venuank" (worn) {+Inv rPois Slay+6}
   (You found it on level 8 of the Dungeon)

   It affects your accuracy and damage with ranged weapons and melee attacks
   (+6).
   It protects you from poison.
   It lets you turn invisible.
 E - a +2 pair of gloves of dexterity (worn)
 G - a +2 helmet (worn)
 K - a +2 cloak (worn)
 M - the +8 chain mail of the Hunter {rElec rPois rC+++ MR-}
   (You found it on level 3 of the Elven Halls)

   It renders you almost immune to cold.
   It insulates you from electricity.
   It protects you from poison.
   It affects your resistance to hostile enchantments.
Jewellery
 e - an uncursed amulet of reflection
 i - an uncursed ring of poison resistance
 v - the ring "Cadun" (left hand) {MP+9 Str+3}
   (You found it on level 3 of the Elven Halls)

   [ring of magical power]

   It affects your strength (+3).
   It affects your magic capacity (+9).
 D - an uncursed ring of fire {unknown}
 H - an uncursed ring of resist corrosion
 L - an uncursed ring of protection from cold
 P - the amulet of Ytyzuip (around neck) {RegenMP rElec rC+ SInv}
   (You found it in the Desolation of Salt)

   [amulet of magic regeneration]

   It increases your magic regeneration.
   It protects you from cold.
   It insulates you from electricity.
   It lets you see invisible.
 Q - a +4 ring of evasion
 U - the ring "Assint" (right hand) {Wiz rN+ MR+ Dex+3 SInv}
   (You found it in the Desolation of Salt)

   [ring of wizardry]

   It improves your spell success rate.
   It affects your dexterity (+3).
   It protects you from negative energy.
   It affects your resistance to hostile enchantments.
   It lets you see invisible.
 Z - an uncursed ring of protection from fire
Wands
 b - a wand of iceblast (9)
 d - a wand of flame (36)
 g - a wand of enslavement (34)
 q - a wand of random effects (89)
 t - a wand of digging (10)
 S - a wand of disintegration (12)
 Y - a wand of paralysis (1)
Scrolls
 h - 10 scrolls of teleportation
 j - 11 scrolls of fog
 k - a scroll of summoning
 u - a scroll of blinking
 A - 3 scrolls of enchant armour
 F - 16 scrolls of remove curse
 R - 3 scrolls of magic mapping
 W - a scroll of fear
Potions
 a - a potion of haste
 l - 16 potions of curing
 m - 6 potions of stabbing
 o - a potion of mutation
 p - 3 potions of berserk rage
 r - a potion of invisibility
 C - 8 potions of might
 I - 3 potions of flight
 X - a potion of resistance
Books
 N - a manual of
Armour
 V - a manual of Armour
Miscellaneous
 n - 2 boxes of beasts
 J - a tin of tremorstones (3/3)
 T - a lightning rod (4/4)
Comestibles
 c - 54 rations


   Skills:
 + Level 15.2 Fighting
 + Level 21.4 Axes
 - Level 0.3(13.5) Maces & Flails
 + Level 13.5 Armour
 + Level 12.3 Dodging
 * Level 20.0 Evocations


You had 17 spell levels left.
You didn't know any spells.
Your spell library was empty.

Dungeon Overview and Level Annotations

Branches:
Dungeon (15/15)            Temple (0/1) D:5            Lair (6/6) D:10
 Shoals (0/4) Lair:4        Snake (3/4) Lair:3        Slime (0/5) Lair:5
    Orc (2/2) D:9             Elf (3/3) Orc:2        Vaults (0/5) D:13
 Depths (0/5) D:15         Bailey (visited)          WizLab (visited)
Desolation (visited)

Altars:
Ashenzari
Cheibriados
Dithmenos
Elyvilon
Gozag
Hepliaklqana
Nemelex Xobeh
Ru
Trog
Vehumet
Wu Jian
Xom
Beogh
Lugonu

Shops:
D:6 (   D:7 :   D:13 ?*   D:14 (   D:15 (   Orc:2 !![}!   Elf:2 **}?

Portals:
Pandemonium: Orc:2

Annotations:
Snake:3 Vashnia
Elf:2 2 runed translucent doors


Innate Abilities, Weirdness & Mutations

You are resistant to damage.
You can heal yourself by infusing magical energy.
You resist negative energy. (rN+)
You passively map a large area around you.
You do not regenerate.
You have large cloven feet.
You are partially covered in large bone plates. (SH +4)
Your muscles are strong. (Str +2)


Message History

You feel the power of Trog in you as your rage grows.
You kill the naga sharpshooter!
Trog accepts your kill.
Trog appreciates your killing of a magic user.
The naga sharpshooter spits poison at you.
The splash of poison hits you but does no damage.
You resist.
The naga sharpshooter casts a spell.
The naga sharpshooter magically shoots a bolt.
You block the bolt.
The salamander shoots an arrow.
The arrow hits you but does no damage.
Items here: (( )) † an arrow; a +0 arbalest; a +0 hand axe; 17 bolts; a naga corpse You miss Vashnia.
Vashnia is heavily wounded.
Your ring mail "Venuank" prevents you from hitting the naga sharpshooter.
You slash the naga sharpshooter! You burn the naga sharpshooter.
The naga sharpshooter shoots a bolt.
The bolt hits you but does no damage.
Vashnia shoots an arrow.
The arrow hits you!!!
You die...

,,* , , #, *,
* #.* * #.# *
,, * ..# , *
*..#######.,*
* **
.S..N....*
#NN......, *
*, ** #@N#* *
, * , , ,*
#()# , ,*
##(.# * #.
##((.# ** . *
...##..(## *
.. * * *
.......(##
..? *
#..##.)(.#
...., *
#.,*###(N##
##....# #
##(.##......#
,


You could see Vashnia, a nagaraja (fast), 2 naga sharpshooters, a salamander and
a black mamba.

Vanquished Creatures
  Nikola (Elf:2)
  The ghost of Qulide the Thaumaturge, an adept GnWz of Sif Muna (Snake:1)
  A deep elf blademaster (Elf:3)
  Gastronok (D:8)
  Agnes (Elf:2)
  3 deep elf sorcerers (Elf:3)
  A large abomination (Elf:3)
  2 imperial myrmidons (Desolation)
  2 deep elf demonologists (Elf:3)
  A deep elf annihilator (Elf:3)
  A dire elephant (D:15)
  5 purple draconians (WizLab)
  3 crystal guardians (Desolation)
  5 statues (WizLab)
  A deep elf high priest (Elf:3)
  3 deep elf death magi (Elf:3)
  2 naga warriors (Snake:1)
  8 ragged hierophants (Desolation)
  2 vault guards (D:13)
  2 hydras
  7 servants of whispers (Desolation)
  2 hell beasts (D:12)
  8 peacekeepers
  4 anacondas
  4 centaur warriors
  A catoblepas (D:14)
  2 two-headed ogres
  28 dancing weapons
  7 death yaks
  6 tengu warriors
  Urug (D:11)
  6 naga sharpshooters
  A soul eater (Orc:2)
  3 orc high priests (Orc:2)
  A shock serpent (Snake:2)
  Sonja (Lair:5)
  A fire crab (Lair:6)
  15 deep elf knights
  The ghost of stonage the Slicer, a novice DsFi of Yredelemnul (Lair:1)
  A salamander mystic (Snake:2)
  4 skeletal warriors (D:14)
  A sixfirhy (Orc:2)
  An infernal demonspawn (Orc:2)
  2 naga ritualists
  A wizard (D:14)
  14 deep elf archers
  3 ironbrand convokers (Desolation)
  A lindwurm (Lair:6)
  An orc knight (Orc:2)
  3 oklob plants
  54 deep elf magi
  16 ugly things
  7 orc sorcerers
  5 mana vipers
  2 manticores
  7 salamanders
  A wolf spider (D:15)
  2 cyclopes
  18 elephants
  11 black mambas
  Joseph (D:7)
  2 guardian serpents
  The ghost of Tyszek the Cudgeler, a novice MiBe of Trog (D:5)
  7 naga magi
  Psyche (D:12)
  2 orange demons (D:12)
  A smoke demon (Orc:2)
  2 gargoyles
  A molten gargoyle (Desolation)
  An ice statue (D:14)
  7 spiny frogs
  2 rime drakes
  5 komodo dragons
  A meliai (D:12)
  A polar bear (shapeshifter) (D:14)
  2 tengu conjurers
  6 trolls
  An ice devil (Orc:2)
  A merfolk (D:15)
  9 polar bears
  50 saltlings
  5 hornets
  10 blink frogs
  Grinder (D:5)
  4 slime creatures (D:12)
  A dream sheep (Lair:6)
  9 hippogriffs
  A centaur simulacrum (D:15)
  3 air elementals
  2 wraiths
  3 shadows
  12 spriggans (Lair:6)
  9 humans
  9 wyverns
  42 yaks
  2 vampires (D:13)
  A human (shapeshifter) (D:14)
  A hungry ghost (D:12)
  A basilisk (D:15)
  4 vampire mosquitoes (D:14)
  2 steam dragons
  2 chaos spawn (D:8)
  Menkaure (D:7)
  3 wargs
  19 water moccasins
  11 nagas
  Duvessa (D:7)
  An acid dragon (shapeshifter) (D:15)
  24 orc warriors
  10 porcupines
  A black bear (Lair:6)
  An eye of draining (shapeshifter) (D:15)
  3 ice beasts
  3 sky beasts
  An eye of draining (D:12)
  A phantom (D:12)
  4 boggarts (Lair:6)
  26 wolves
  5 ogres
  5 centaurs
  10 crocodiles
  3 big kobolds
  13 bullfrogs
  A wyvern skeleton (D:14)
  3 gnoll sergeants
  Dowan (D:7)
  An earth elemental (Elf:2)
  2 scorpions
  15 killer bees
  A vampire bat (Lair:6)
  2 electric eels (Lair:1)
  8 crimson imps
  2 bullfrog zombies
  5 centaur zombies
  A quasit (D:12)
  A wyvern simulacrum (D:12)
  6 hounds
  2 bullfrog skeletons
  12 jellies
  19 orc priests
  22 orc wizards
  6 centaur skeletons
  5 iron imps (D:12)
  Jessica (D:3)
  6 iguanas
  12 worker ants
  A worker ant zombie (D:6)
  14 gnolls
  18 adders
  A howler monkey skeleton (D:4)
  7 shadow imps
  4 oozes (Lair:5)
  2 adder zombies
  3 worms
  A dart slug (D:2)
  3 leopard geckos
  75 orcs
  2 ball pythons (D:3)
  13 bats
  4 giant cockroaches
  9 goblins
  4 hobgoblins
  6 quokkas
  3 frilled lizards
  A jackal skeleton (D:7)
  A jackal zombie (D:6)
  22 kobolds
  4 rats
  3 crawling corpses (Elf:3)
  2 fungi
  28 plants
1039 creatures vanquished.

Vanquished Creatures (collateral kills)
  A deep elf blademaster (Elf:3)
  2 deep elf master archers (Elf:3)
  Frances (D:12)
  3 deep elf sorcerers (Elf:3)
  3 deep elf elementalists (Elf:3)
  4 deep elf demonologists (Elf:3)
  3 deep elf annihilators (Elf:3)
  5 purple draconians (WizLab)
  A halazid warlock (Desolation)
  3 statues (WizLab)
  5 deep elf death magi (Elf:3)
  Josephine (Lair:6)
  A deep elf high priest (Elf:3)
  Fannar (D:11)
  Erolcha (D:9)
  2 orc high priests (Orc:2)
  6 dancing weapons
  3 deep elf knights
  4 deep elf archers (Elf:3)
  4 oklob plants
  3 orc knights (Orc:2)
  23 deep elf magi
  An ugly thing (D:12)
  A black mamba (Lair:1)
  A spiny frog (Lair:6)
  2 small abominations (Elf:3)
  An ice devil (Orc:2)
  A hellwing (Orc:2)
  A saltling (Desolation)
  A polar bear (Lair:6)
  A vampire (D:13)
  3 wraiths (Lair:6)
  A human (D:13)
  A floating eye (Lair:1)
  5 orc warriors (Orc:2)
  3 orc priests (Orc:2)
  3 bushes
  3 crawling corpses (Elf:3)
  A plant (Lair:1)
110 creatures vanquished.

Vanquished Creatures (others)
  2 dancing weapons (Elf:2)
  3 deep elf knights (Elf:2)
  A deep elf mage (Elf:3)
  A saltling (Desolation)
  A human (D:13)
  A kobold (D:9)
  2 fungi
  A plant (Lair:4)
12 creatures vanquished.

Grand Total: 1161 creatures vanquished

Notes
Turn   | Place    | Note
-------+----------+-------------------------------------------
     0 | D:1      | Revguard the Deep Dwarf Berserker began the quest for the
                  | Orb.
     0 | D:1      | Reached XP level 1. HP: 20/20 MP: 1/1
   598 | D:1      | Reached XP level 2. HP: 20/27 MP: 2/2
  1003 | D:2      | Noticed a bullfrog
  1011 | D:2      | Reached skill level 4 in Axes
  1011 | D:2      | Reached XP level 3. HP: 32/34 MP: 3/3
  1012 | D:2      | Killed a bullfrog
  1012 | D:2      | Reached XP level 4. HP: 38/42 MP: 4/4
  1228 | D:2      | Reached ** piety under Trog
  1596 | D:3      | Noticed Jessica
  1600 | D:3      | Killed Jessica
  1600 | D:3      | Reached XP level 5. HP: 45/49 MP: 5/5
  1646 | D:3      | Reached skill level 5 in Axes
  2276 | D:4      | Found a shattered altar of Ashenzari.
  2310 | D:4      | Reached XP level 6. HP: 39/57 MP: 6/6
  2474 | D:4      | Found an opulent altar of Gozag.
  2608 | D:4      | Reached skill level 1 in Evocations
  3181 | D:4      | Found a sparkling altar of Nemelex Xobeh.
  3213 | D:5      | Entered Level 5 of the Dungeon
  3294 | D:5      | Noticed an ice beast
  3302 | D:5      | Killed an ice beast
  3302 | D:5      | Reached skill level 6 in Axes
  3302 | D:5      | Reached XP level 7. HP: 64/64 MP: 8/8
  3683 | D:5      | Found a staircase to the Ecumenical Temple.
  3707 | D:5      | Reached skill level 5 in Armour
  3803 | D:5      | Found a runed translucent door.
  3810 | D:5      | Noticed Tyszek's ghost (novice MiBe)
  3833 | D:5      | Killed Tyszek's ghost
  3833 | D:5      | Reached skill level 7 in Axes
  3833 | D:5      | Reached XP level 8. HP: 73/73 MP: 8/10
  3847 | D:5      | Noticed Grinder
  3856 | D:5      | Paralysed by something for 3 turns
  3865 | D:5      | Paralysed by something for 7 turns
  3889 | D:5      | Killed Grinder
  4504 | D:6      | Found a shadowy altar of Dithmenos.
  4521 | D:6      | Found a white marble altar of Elyvilon.
  4587 | D:6      | Found a radiant altar of Vehumet.
  4610 | D:6      | Found a hazy altar of Hepliaklqana.
  4755 | D:6      | Reached skill level 5 in Evocations
  5013 | D:6      | Reached skill level 8 in Axes
  5134 | D:6      | Found Wyduesyst's Weapon Boutique.
  5137 | D:6      | Bought a +0 broad axe of freezing for 138 gold pieces
  5172 | D:7      | Noticed Joseph
  5184 | D:7      | Killed Joseph
  5205 | D:7      | Noticed Menkaure
  5210 | D:7      | Killed Menkaure
  5210 | D:7      | Reached skill level 5 in Fighting
  5210 | D:7      | Gained mutation: You passively map the area around you.
                  | [Deep Dwarf growth]
  5210 | D:7      | Reached XP level 9. HP: 63/81 MP: 12/12
  5452 | D:7      | Reached *** piety under Trog
  5492 | D:7      | Noticed Dowan
  5492 | D:7      | Noticed Duvessa
  5501 | D:7      | Killed Duvessa
  5501 | D:7      | Killed Dowan
  5546 | D:7      | Reached skill level 9 in Axes
  5741 | D:7      | Found Iwasior's Book Emporium.
  5914 | D:8      | Noticed Gastronok
  5928 | D:8      | Killed Gastronok
  5928 | D:8      | Reached skill level 10 in Axes
  5928 | D:8      | Reached XP level 10. HP: 91/91 MP: 12/14
  5947 | D:8      | Found a shimmering altar of Xom.
  5975 | D:8      | Found the +7 mace of Variability {chain chaos}
  6009 | D:8      | Got a masterwork ring mail
  6017 | D:8      | Reached skill level 11 in Axes
  6021 | D:8      | Identified the +6 ring mail of the Game of Kings {rPois
                  | rC+} (You found it on level 8 of the Dungeon)
  6156 | D:8      | Noticed a seven-headed hydra
  6166 | D:8      | Killed an eight-headed hydra
  6275 | D:8      | Noticed a two-headed ogre
  6279 | D:8      | Killed a two-headed ogre
  6279 | D:8      | Reached skill level 5 in Dodging
  6303 | D:8      | Found an ornate altar of the Wu Jian Council.
  6354 | D:8      | Got a fine ring mail
  6355 | D:8      | Identified the +2 ring mail "Venuank" {+Inv rPois Slay+6}
                  | (You found it on level 8 of the Dungeon)
  6760 | D:8      | Found a sacrificial altar of Ru.
  6901 | D:9      | Found a staircase to the Orcish Mines.
  6910 | D:9      | Reached skill level 12 in Axes
  6924 | D:9      | Gained mutation: You are clumsy. (Dex -2) [mutagenic glow]
  6929 | D:9      | Reached **** piety under Trog
  7000 | D:9      | Reached XP level 11. HP: 54/99 MP: 14/16
  7140 | D:9      | Found a snail-covered altar of Cheibriados.
  7265 | D:9      | Lost mutation: You are clumsy. (Dex -2) [potion of
                  | mutation]
  7265 | D:9      | Gained mutation: Your body sometimes deteriorates upon
                  | taking damage. [potion of mutation]
  7265 | D:9      | Gained mutation: Your mind is acute. (Int +2) [potion of
                  | mutation]
  7265 | D:9      | Gained mutation: Your muscles are strong. (Str +2) [potion
                  | of mutation]
  7266 | D:9      | Lost mutation: Your body sometimes deteriorates upon taking
                  | damage. [potion of mutation]
  7266 | D:9      | Lost mutation: Your muscles are strong. (Str +2) [potion of
                  | mutation]
  7266 | D:9      | Lost mutation: Your mind is acute. (Int +2) [potion of
                  | mutation]
  7266 | D:9      | Gained mutation: Armour fits poorly on your strangely
                  | shaped body. [potion of mutation]
  7266 | D:9      | Gained mutation: Your body sometimes deteriorates upon
                  | taking damage. [potion of mutation]
  7266 | D:9      | Gained mutation: You passively map a large area around you.
                  | [potion of mutation]
  7276 | D:9      | Found a bloodstained altar of Trog.
  7286 | D:9      | Noticed Erolcha
  7289 | D:9      | Killed Erolcha
  7400 | D:9      | Found a bloodstained altar of Trog.
  7583 | D:10     | Entered Level 10 of the Dungeon
  7668 | D:10     | Reached skill level 10 in Evocations
  7885 | D:10     | Found a staircase to the Lair.
  8219 | D:10     | Reached skill level 13 in Axes
  8688 | D:11     | Noticed a green ugly thing
  8700 | D:11     | Killed a green ugly thing
  8808 | D:11     | Noticed Fannar
  8816 | D:11     | Killed Fannar
  8973 | D:11     | Noticed Urug
  8989 | D:11     | HP: 3/150 [Urug/+2 halberd (18)]
  8991 | D:11     | Killed Urug
  9252 | D:12     | Noticed Frances
  9271 | D:12     | Killed Frances
  9271 | D:12     | Reached XP level 12. HP: 17/109 MP: 15/17
  9389 | D:12     | Reached skill level 14 in Axes
  9440 | D:12     | Noticed Psyche
  9445 | D:12     | Noticed a two-headed ogre
  9449 | D:12     | Killed a two-headed ogre
  9450 | D:12     | Noticed a centaur warrior
  9522 | D:12     | Paralysed by a hornet for 1 turns
  9877 | D:12     | Killed a centaur warrior
  9895 | D:12     | Noticed a centaur warrior
  9901 | D:12     | Killed a centaur warrior
 10187 | D:12     | Killed Psyche
 10264 | D:12     | Found a corrupted altar of Lugonu.
 10268 | D:12     | Noticed a hell beast
 10268 | D:12     | Noticed a hell beast
 10277 | D:12     | Killed a hell beast
 10277 | D:12     | Reached skill level 15 in Axes
 10279 | D:12     | Killed a hell beast
 10405 | D:13     | Found Nostraxty's Magic Scroll Emporium.
 10477 | D:13     | Found Humoxa's Blood Bar.
 10581 | D:13     | Noticed a tengu warrior
 10599 | D:13     | Killed a tengu warrior
 10629 | D:13     | Reached XP level 13. HP: 77/118 MP: 16/16
 10689 | D:13     | Reached ***** piety under Trog
 10908 | D:13     | Found a gate to the Vaults.
 11090 | D:14     | Reached skill level 16 in Axes
 11108 | D:14     | Reached skill level 10 in Armour
 11161 | D:14     | Found Mewaz's Weapon Boutique.
 11828 | D:15     | Entered Level 15 of the Dungeon
 11887 | D:15     | Gained mutation: You resist negative energy. (rN+) [Deep
                  | Dwarf growth]
 11887 | D:15     | Reached XP level 14. HP: 129/130 MP: 17/17
 11947 | D:15     | Reached skill level 17 in Axes
 12028 | D:15     | Found a staircase to the Depths.
 12045 | D:15     | Reached skill level 10 in Fighting
 12189 | D:15     | Found an opulent altar of Gozag.
 12277 | D:15     | Found Myguvoy's Antique Weapon Emporium.
 12419 | Orc:1    | Entered Level 1 of the Orcish Mines
 12518 | Orc:1    | Found a flagged portal.
 12528 | Bailey   | Entered a bailey
 12605 | Bailey   | Received a gift from Trog
 12978 | Orc:2    | Entered Level 2 of the Orcish Mines
 13038 | Orc:2    | Found a roughly hewn altar of Beogh.
 13088 | Orc:2    | Found a staircase to the Elven Halls.
 13180 | Orc:2    | Found Pudwocar's Distillery.
 13181 | Orc:2    | Found Geuwump's Distillery.
 13267 | Orc:2    | Bought a potion of mutation for 96 gold pieces
 13267 | Orc:2    | Bought a potion of might for 48 gold pieces
 13267 | Orc:2    | Bought a potion of heal wounds for 60 gold pieces
 13267 | Orc:2    | Bought a potion of curing for 36 gold pieces
 13267 | Orc:2    | Lost mutation: Your body sometimes deteriorates upon taking
                  | damage. [potion of mutation]
 13267 | Orc:2    | Lost mutation: You passively map a large area around you.
                  | [potion of mutation]
 13267 | Orc:2    | Lost mutation: Armour fits poorly on your strangely shaped
                  | body. [potion of mutation]
 13267 | Orc:2    | Gained mutation: You tend to lose your temper in combat.
                  | [potion of mutation]
 13267 | Orc:2    | Gained mutation: You passively map a large area around you.
                  | [potion of mutation]
 13386 | Orc:2    | Found Sieroum's Distillery.
 13412 | Orc:2    | Bought a potion of might for 68 gold pieces
 13412 | Orc:2    | Bought a potion of mutation for 136 gold pieces
 13412 | Orc:2    | Bought a potion of curing for 51 gold pieces
 13412 | Orc:2    | Bought a potion of curing for 51 gold pieces
 13412 | Orc:2    | Bought a potion of curing for 51 gold pieces
 13639 | Orc:2    | Reached skill level 15 in Evocations
 13653 | Orc:2    | Reached skill level 18 in Axes
 13654 | Orc:2    | Found Ufao's Gadget Shoppe.
 13654 | Orc:2    | Found Voyplij's Antique Armour Emporium.
 13659 | Orc:2    | Found a one-way gate leading to the halls of Pandemonium.
 13665 | Orc:2    | Bought a polished scale mail for 180 gold pieces
 13665 | Orc:2    | Bought a pair of embroidered gloves for 150 gold pieces
 13669 | Orc:2    | Bought a tin of tremorstones (3/3) for 560 gold pieces
 13669 | Orc:2    | Bought a box of beasts for 280 gold pieces
 13889 | Lair:1   | Entered Level 1 of the Lair of Beasts
 13941 | Lair:1   | Found a runed translucent gate.
 13941 | Lair:1   | Found a runed translucent gate.
 13941 | Lair:1   | Found a runed translucent gate.
 13943 | Lair:1   | Identified the +0 scale mail "Viheunk" {Str+3} (You bought
                  | it in a shop on level 2 of the Orcish Mines)
 13958 | Lair:1   | Noticed stonage's ghost (novice DsFi)
 13974 | Lair:1   | Killed stonage's ghost
 14083 | Lair:1   | Paralysed by a floating eye for 2 turns
 14088 | Lair:1   | Paralysed by a floating eye for 3 turns
 15411 | Lair:2   | Reached XP level 15. HP: 103/141 MP: 16/16
 16272 | Lair:3   | Found a sacrificial altar of Ru.
 16547 | Lair:3   | Found a staircase to the Snake Pit.
 17033 | Lair:4   | Found a staircase to the Shoals.
 17838 | Lair:5   | Noticed Sonja
 17849 | Lair:5   | Killed Sonja
 17972 | Lair:5   | Received a gift from Trog
 18025 | Lair:5   | Found a staircase to the Slime Pits.
 18537 | Lair:6   | Entered Level 6 of the Lair of Beasts
 18580 | Lair:6   | Got a heavily runed sapphire amulet
 18581 | Lair:6   | Identified the amulet of Zimaatum {+Inv rN+ Regen+} (You
                  | found it on level 6 of the Lair of Beasts)
 18708 | Lair:6   | Noticed Josephine
 18712 | Lair:6   | Killed Josephine
 19376 | Lair:6   | Received a gift from Trog
 19380 | Lair:6   | Reached skill level 19 in Axes
 19399 | Lair:6   | Got a crude chain mail
 19400 | Lair:6   | Identified the +0 chain mail of a Billion Bounties {rF+
                  | SInv} (You found it on level 6 of the Lair of Beasts)
 20098 | Elf:1    | Entered Level 1 of the Elven Halls
 20150 | Elf:1    | Found a ruined gateway.
 20161 | Elf:1    | Reached skill level 10 in Dodging
 20165 | Desolati | Entered the Desolation of Salt
 20179 | Desolati | Reached XP level 16. HP: 99/152 MP: 17/17
 20259 | Desolati | Identified Sif Muna's Compendium of Venom
 20274 | Desolati | Identified the Papyrus of Enhancements and Earth
 20276 | Desolati | Got a warped turquoise ring
 20280 | Desolati | Identified the ring of Kiogaid {+Inv rF+ rN+ Stlth+} (You
                  | found it in the Desolation of Salt)
 20561 | Desolati | Got an ancient zirconium amulet
 20570 | Desolati | Got a pitted brass ring
 20575 | Desolati | Identified the amulet of Ytyzuip {RegenMP rElec rC+ SInv}
                  | (You found it in the Desolation of Salt)
 20579 | Desolati | Identified the ring of Symmetry {rPois MR+ Dex+2} (You
                  | found it in the Desolation of Salt)
 20665 | Desolati | Received a gift from Trog
 20691 | Desolati | Got an ancient jade ring
 20704 | Desolati | Got a scorched iron amulet
 20723 | Desolati | Got a black opal-encrusted scale mail
 20734 | Desolati | Identified the amulet "Xaanid" {RegenMP Fragile rN++} (You
                  | found it in the Desolation of Salt)
 20738 | Desolati | Identified the ring "Assint" {Wiz rN+ MR+ Dex+3 SInv} (You
                  | found it in the Desolation of Salt)
 20749 | Desolati | Identified the +1 scale mail of Neikil {rCorr Dex+3} (You
                  | found it in the Desolation of Salt)
 21436 | Elf:1    | Reached skill level 20 in Axes
 21528 | Elf:1    | Reached XP level 17. HP: 113/164 MP: 17/17
 21902 | Elf:2    | Found a magical portal.
 21905 | WizLab   | Entered Iskenderun's Mystic Tower
 21933 | WizLab   | Received a gift from Trog
 22188 | WizLab   | Identified Iskenderun's Guide on Combat Magic
 22188 | WizLab   | Identified Iskenderun's Catalogue of Battle Magic
 22231 | WizLab   | Identified Weocs's Handbook of Cankerous Air
 22352 | Elf:2    | Found Cinudil's Magic Scroll Shoppe.
 22364 | Elf:2    | Found Zeppoabb's Gadget Shoppe.
 22364 | Elf:2    | Found Egekusta's Assorted Antiques.
 22404 | Elf:2    | Bought a box of beasts for 300 gold pieces
 22404 | Elf:2    | Bought a box of beasts for 300 gold pieces
 22420 | Elf:2    | Found Nirergh's Food Shop.
 22461 | Elf:2    | Found Uhoton's General Store.
 22503 | Elf:2    | Noticed Nikola
 22519 | Elf:2    | Killed Nikola
 22543 | Elf:2    | Found a large runed translucent door.
 22543 | Elf:2    | Found a large runed translucent door.
 22574 | Elf:2    | Found a large runed translucent door.
 22574 | Elf:2    | Found a large runed translucent door.
 23043 | Elf:2    | Noticed Agnes
 23052 | Elf:2    | Killed Agnes
 23413 | Elf:3    | Entered Level 3 of the Elven Halls
 23537 | Elf:3    | Noticed a deep elf blademaster
 23546 | Elf:3    | Killed a deep elf blademaster
 23551 | Elf:3    | Noticed a deep elf master archer
 23561 | Elf:3    | Killed a deep elf master archer
 23568 | Elf:3    | Mutation became permanent: You passively map the area
                  | around you. [Deep Dwarf growth]
 23568 | Elf:3    | Gained mutation: You passively map a large area around you.
                  | [Deep Dwarf growth]
 23568 | Elf:3    | Reached XP level 18. HP: 47/176 MP: 10/10
 23605 | Elf:3    | Noticed a Tzitzimitl
 23610 | Elf:3    | Reached skill level 21 in Axes
 23613 | Elf:3    | Received a gift from Trog
 23677 | Elf:3    | Identified a scroll of acquirement
 23677 | Elf:3    | Acquired 2300 gold pieces
 23707 | Elf:3    | Got a fading chain mail
 23718 | Elf:3    | Identified the +8 chain mail of the Hunter {rElec rPois
                  | rC+++ MR-} (You found it on level 3 of the Elven Halls)
 23830 | Elf:3    | Identified the Handbook of Dark Rituals
 23847 | Elf:3    | Got a translucent ruby amulet
 23864 | Elf:3    | Noticed a Hell Sentinel
 23886 | Elf:3    | Identified the amulet of Afilerak {Regen+ SInv} (You found
                  | it on level 3 of the Elven Halls)
 23889 | Elf:3    | Got a twitching tin ring
 23891 | Elf:3    | Identified the ring "Cadun" {MP+9 Str+3} (You found it on
                  | level 3 of the Elven Halls)
 24003 | Elf:3    | Found a radiant altar of Vehumet.
 24673 | Snake:1  | Entered Level 1 of the Snake Pit
 24799 | Snake:1  | Found a sparkling altar of Nemelex Xobeh.
 24884 | Snake:1  | Found a runed translucent door.
 24886 | Snake:1  | Found a shimmering altar of Xom.
 24886 | Snake:1  | Noticed Qulide's ghost (adept GnWz)
 24908 | Snake:1  | Killed Qulide's ghost
 24943 | Snake:1  | Lost mutation: You tend to lose your temper in combat.
                  | [potion of mutation]
 24943 | Snake:1  | Gained mutation: You are partially covered in large bone
                  | plates. (SH +4) [potion of mutation]
 24943 | Snake:1  | Gained mutation: Your muscles are strong. (Str +2) [potion
                  | of mutation]
 24943 | Snake:1  | Gained mutation: You have large cloven feet. [potion of
                  | mutation]
 25128 | Snake:1  | Reached skill level 15 in Fighting
 25722 | Snake:3  | Noticed Vashnia
 25741 | Snake:3  | Shot with an arrow by Vashnia

Illustrated notes

Levels and vault maps discovered:
D:1:      lightli_arrival_statue_moat, layout_basic
D:2:      layout_loops_ring
D:3:      layout_basic, first_ration, uniq_jessica
D:4:      layout_loops_ring, lemuel_coloured_pillars_altar,
          nicolae_ashenzari_panopticon, kennysheep_little_box
D:5:      layout_loops_ring, minmay_temple_entry_mist, ebering_ghost_sewer_d,
          roderic_lattice_a, uniq_grinder
D:6:      layout_basic, old_standard_altar,
          chequers_temple_overflow_statue_of_worship, serial_shops,
          kennysheep_mini, basic_altar, chequers_jeans
D:7:      layout_gridville, serial_shops, shop, uniq_menkaure, uniq_joseph,
          uniq_duvessa
D:8:      layout_basic, marbit_many_paths, nicolae_overflow_crystal_walls,
          grunt_pizzeria, minmay_guarded_unrand_variability, uniq_gastronok
D:9:      layout_loops_cross, lemuel_doored_altar, kennysheep_mini_moat,
          erik_orc_4, trog_butcher_becter, uniq_erolcha
D:10:     layout_long_grid, erik_lair_dragon
D:11:     layout_loops_ring, uniq_urug, uniq_fannar
D:12:     minmay_the_grid_3x2 [minmay_the_grid_outer_diamond,
          minmay_the_grid_holed_spiral, minmay_the_grid_pillar_ring,
          minmay_the_grid_spin_star, minmay_the_grid_minigrid_large,
          minmay_the_grid_prize_four_corners], layout_stronghold,
          hangedman_decor_riveting, lemuel_hellish_altar, uniq_psyche,
          uniq_frances
D:13:     layout_roguey, ximxim_vaults_locker_room, serial_shops,
          nicolae_shop_crystal, guppyfry_shop_blood
D:14:     layout_loops_cross, infiniplex_staircase_pool_1, serial_shops, shop,
          minivault_16
D:15:     hangedman_depths_entry_try_elsewhere_first, layout_rooms,
          serial_shops, shop, nicolae_gozag_cash_rules_everything_around_me
Lair:1:   layout_regular_city, ebering_ghost_rock_garden, disabler_island,
          serial_bayou_shore_a
Lair:2:   wad_woods_structure_01, layout_chaotic_city, infiniplex_staircase_pool
Lair:3:   layout_regular_city, minmay_snake_entry_guardpost_small, basic_altar,
          mumra_transporter_accident, st_stairs_12, grunt_megastairs_3
Lair:4:   layout_cave_pods, elwin_shoals_entry_rocks, cheibrodos_lair_lostbears,
          serial_bayou_shore_b
Lair:5:   layout_misc_corridors, nicolae_slime_entry_slimehenge,
          wad_woods_road_03, serial_bayou_shore_b, uniq_sonja
Lair:6:   minmay_lair_end_enchanted_forest, layout_cave_pods,
          serial_bayou_pond_c, roderic_batcave, st_stairs_10, dpeg_oklob_1,
          uniq_josephine
Snake:1:  layout_grid_shapes, ebering_ghost_xom, special_room,
          lemuel_oklob_altar
Snake:2:  layout_rooms
Snake:3:  layout_layer_cave, serial_shops, nicolae_shop_stone,
          grunt_ministairs_3, uniq_vashnia, uniq_roxanne
Orc:1:    layout_diamond_mine, enter_bailey_3
Orc:2:    pf_orc_diabolical, layout_caves, basic_altar, serial_shops,
          shop_fountains
Elf:1:    layout_loops_corners, portal_desolation_entry_salt,
          hangedman_elven_crosses_minicolossus
Elf:2:    layout_geoelf_octagon, mu_enter_wizlab_7, serial_corexii_hall,
          corexii_hall_statues_i, corexii_hall_statues_t, serial_shops,
          shop_fountains, shop, shop, nicolae_shop_crystal,
          nicolae_shop_window_shopping, uniq_agnes, uniq_nikola
Elf:3:    grunt_elf_hall_branching, layout_gridlike, basic_altar

Skill      XL: |  1  2  3  4  5  6  7  8  9 10 11 12 13 14 15 16 17 18 |
---------------+-------------------------------------------------------+-----
Fighting       | 3 4 5 6 7 8 9 11 12 13 14 15 | 15.2
Axes           | 4 5 6 7 8 10 12 13 15 16 18 19 20 21 | 21.4
Armour         | 3 4 5 6 7 8 9 10 11 12 13 | 13.5
Dodging        | 3 4 5 6 7 8 10 11 12 | 12.3
Evocations     | 2 4 5 7 9 11 12 14 15 16 17 18 20 | 20.0
Maces & Flails | |  0.3

Action                   |  1- 3 |  4- 6 |  7- 9 | 10-12 | 13-15 | 16-18 || total
-------------------------+-------+-------+-------+-------+-------+-------++-------
Melee: Hand axe          |    68 |   189 |   282 |       |       |       ||   539
       Broad axe         |       |       |    67 |   494 |   959 |   146 ||  1666
       Great mace        |       |       |       |     3 |       |       ||     3
       War axe           |       |       |       |       |     6 |       ||     6
       Battleaxe         |       |       |       |       |       |   564 ||   564
Invok: Berserk           |     1 |     3 |     7 |    16 |    11 |    11 ||    49
       Trog's Hand       |       |     4 |     9 |    11 |    16 |    26 ||    66
       Brothers in Arms  |       |       |       |     6 |     9 |    14 ||    29
 Abil: Heal Wounds       |       |     1 |     6 |    21 |    21 |    52 ||   101
       Evoke Invisibilit |       |       |       |     5 |     3 |     5 ||    13
Evoke: Wand              |       |       |     6 |     7 |    39 |    23 ||    75
       Tin of tremorston |       |       |       |       |     2 |    10 ||    12
       Box of beasts     |       |       |       |       |     1 |    15 ||    16
       Lightning rod     |       |       |       |       |       |     3 ||     3
       Phantom mirror    |       |       |       |       |       |     1 ||     1
  Use: Scroll            |       |     4 |    12 |    12 |    21 |    13 ||    62
       Potion            |       |     4 |     4 |     7 |     5 |     5 ||    25
 Stab: Invisible         |       |       |       |     5 |     1 |    24 ||    30
       Distracted        |       |       |       |       |     1 |     4 ||     5
       Paralysed         |       |       |       |       |       |     2 ||     2
  Eat: Chunk             |       |     8 |    16 |    39 |    48 |    35 ||   146
       Ration            |       |     1 |     1 |     1 |     1 |     3 ||     7
Armor: Ring mail         |    32 |    46 |       |   209 |   342 |   308 ||   937
       Chain mail        |       |    34 |   171 |    28 |       |       ||   233
Dodge: Dodged            |    44 |    97 |   143 |   393 |   727 |   600 ||  2004
Block: Other             |       |       |       |       |       |    26 ||    26
